 Dungeon Crawl Stone Soup version 0.27.1-33-g824d729ab1 (webtiles) character file.

Game seed: 3397770169199467532

5872 belegose the Nimble (level 10, -3/79 HPs)
             Began as a Merfolk Gladiator on Dec 17, 2021.
             Was an Elder of Zin.
             Slain by a komodo dragon (27 damage)
             ... on level 1 of the Lair of Beasts.
             The game lasted 00:34:39 (14108 turns).

belegose the Nimble (Merfolk Gladiator)            Turns: 14108, Time: 00:34:40

Health: -3/79      AC:  6    Str: 14    XL:     10   Next: 81%
Magic:  14/14      EV: 17    Int:  9    God:    Zin [****..]
Gold:   471        SH:  0    Dex: 18    Spells: 9/9 levels left

rFire    . . .     SeeInvis +   a - +2 dagger (venom)
rCold    . . .     Faith    .   (no shield)
rNeg     . . .     Spirit   .   B - +0 troll leather armour {Purgy}
rPois    .         Reflect  .   o - +0 helmet
rElec    .         Harm     .   e - +0 cloak {Stlth+}
rCorr    .         Rampage  .   (no gloves)
Will     +....                  (no boots)
Stlth    +++++.....             G - amulet of the acrobat
HPRegen  1.23/turn              p - ring of willpower
MPRegen  0.14/turn              v - ring of see invisible

@: no status effects
A: (nimble swimmer 2), mertail
a: Renounce Religion, Recite, Vitalisation, Imprison, Donate Gold


You were on level 1 of the Lair of Beasts.
You worshipped Zin.
Zin was greatly pleased with you.
You visited 3 branches of the dungeon, and saw 13 of its levels.
You also visited: Sewer.

You collected 523 gold pieces.
You donated 52 gold pieces to Zin.

Inventory:

Hand Weapons
 a - a +2 dagger of venom (weapon)
 b - a +0 short sword of electrocution
 w - a +0 long sword
Missiles
 g - 361 stones
 m - 10 boomerangs
 F - a silver boomerang (quivered)
 J - 3 poisoned darts
 L - 2 curare-tipped darts
Armour
 e - a +0 cloak of stealth (worn)
 o - a +0 helmet (worn)
 B - a +0 troll leather armour (worn) {Purgy}
 D - a +0 tower shield
 H - a +0 kite shield
 O - a +1 helmet of see invisible
Magical Staves
 Q - a staff of cold
Jewellery
 p - a ring of willpower (left hand)
 v - a ring of see invisible (right hand)
 G - an amulet of the acrobat (around neck)
 K - a ring of positive energy
Wands
 d - a wand of paralysis (18)
 E - a wand of flame (36)
 M - a wand of digging (6)
Scrolls
 c - 5 scrolls of magic mapping
 f - 5 scrolls of identify {unknown}
 h - 4 scrolls of amnesia {unknown}
 j - a scroll of holy word {unknown}
 k - 4 scrolls of noise {unknown}
 n - 2 scrolls of enchant weapon {unknown}
 q - 2 scrolls of vulnerability {unknown}
 r - a scroll of fog {unknown}
 s - a scroll of teleportation {unknown}
 y - 2 scrolls of immolation {unknown}
 A - 2 scrolls of blinking {unknown}
 I - 2 scrolls of enchant armour {unknown}
 N - a scroll of acquirement {unknown}
 P - a scroll of torment {unknown}
Potions
 i - a potion of mutation {unknown}
 l - 2 potions of flight {unknown}
 t - 3 potions of lignification {unknown}
 u - 3 potions of curing
 x - 2 potions of magic {unknown}
 z - 2 potions of haste {unknown}
 C - a potion of invisibility


   Skills:
 - Level 7.2 Fighting
 - Level 7.7 Long Blades
 - Level 6.6 Throwing
 - Level 9.2 Dodging
 + Level 8.2 Stealth
 + Level 6.4 Invocations
 + Level 2.6 Evocations


You had 9 spell levels left.
You didn't know any spells.
Your spell library contained the following spells:

 Spells                   Type           Power      Damage    Failure   Level
 Corona                   Hex            0%         N/A       45%         1
 Magic Dart               Conj           0%         1d3       45%         1
 Summon Small Mammal      Summ           0%         N/A       45%         1
 Call Imp                 Summ           0%         N/A       61%         2
 Ensorcelled Hibernation  Hex/Ice        0%         N/A       61%         2
 Slow                     Hex            0%         N/A       61%         2
 Sublimation of Blood     Necr           0%         N/A       61%         2
 Call Canine Familiar     Summ           0%         N/A       83%         3
 Confusing Touch          Hex            0%         N/A       83%         3
 Ignite Poison            Fire/Tmut/Pois 0%         N/A       83%         3
 Mephitic Cloud           Conj/Pois/Air  0%         N/A       83%         3
 Summon Guardian Golem    Hex/Summ       0%         N/A       83%         3
 Tukima's Dance           Hex            0%         N/A       83%         3
 Vampiric Draining        Necr           0%         2d6       83%         3
 Petrify                  Tmut/Erth      0%         N/A       99%         4
 Bolt of Magma            Conj/Fire/Erth 0%         4d4       100%        5
 Irradiate                Conj/Tmut      0%         3d13      100%        5


Dungeon Overview and Level Annotations

Branches:
Dungeon (11/15)            Temple (1/1) D:5            Lair (1/6) D:9
    Orc (0/2) D:10          Sewer (visited)

Altars:
Ashenzari
Cheibriados
Dithmenos
Elyvilon
Fedhas
Gozag
Hepliaklqana
Kikubaaqudgha
Makhleb
Nemelex Xobeh
Okawaru
Qazlal
Ru
Sif Muna
Trog
Uskayaw
Vehumet
Wu Jian
Xom
Yredelemnul
Zin
The Shining One

Shops:
D:5 *   D:10 [

Annotations:
D:3 Sigmund
D:5 exclusion: steam dragon
D:7 Harold
D:8 exclusion: downstairs


Innate Abilities, Weirdness & Mutations

((You are quick and stealthy near water. (Stealth+, EV+, Speed+++)))
Your lower body shifts to a powerful aquatic tail in water.


Message History

The komodo dragon is moderately wounded.
The komodo dragon misses you.
You hit the komodo dragon but do no damage.
The komodo dragon is moderately wounded.
Your +0 short sword of electrocution stops crackling.
Your +2 dagger of venom begins to drip with poison!
a - a +2 dagger of venom (weapon)
The komodo dragon closely misses you.
You hit the komodo dragon.
The komodo dragon is heavily wounded.
You hear the slow rumble of a distant avalanche of rocks.
You hear the beating of a very distant drum.
The komodo dragon completely misses you.
You hit the komodo dragon but do no damage.
The komodo dragon is poisoned.
The komodo dragon is heavily wounded.
You hit the komodo dragon but do no damage.
The komodo dragon looks as sick as possible!
The komodo dragon is heavily wounded.
The komodo dragon bites you!!
You hit the komodo dragon but do no damage.
The komodo dragon looks as sick as possible!
The komodo dragon is heavily wounded.
The komodo dragon bites you!!
Your +2 dagger of venom stops dripping with poison.
You hear the crackle of electricity.
b - a +0 short sword of electrocution (weapon)
You hit the komodo dragon but do no damage.
The komodo dragon is heavily wounded.
The komodo dragon misses you.
Your +0 short sword of electrocution stops crackling.
Your +2 dagger of venom begins to drip with poison!
a - a +2 dagger of venom (weapon)
The komodo dragon bites you!!
* * * LOW HITPOINT WARNING * * *
You hit the komodo dragon.
The komodo dragon looks as sick as possible!
The komodo dragon is severely wounded.
The komodo dragon bites you!!
You die...

#..#........#.....$......#.##.
##<#...†....#^.#.........#....
#P.........)#............#....
##.#........#............#....
*#.............+,.......,#....
*..#........#..####.#.####....
#P.#........#............)....
##.#.#.#.##.#.................
#...........@l...............
#............................
*,,>.........................
*,,,,..................?....$
*,,,*###...#....####.#.......
*,,,* #####....#**#.##......
*,,,* **** #....#*,..++......
*,,,***,,* #....#*,,,**,,,,,,
*,,,,,+,,* *,,,,*,,,,++,,,,,,


You could see a komodo dragon (extremely poisoned).

Vanquished Creatures
  A two-headed ogre (D:8)
  A hornet (D:8)
  3 wraiths
  3 yaks
  2 wyverns
  2 steam dragons (D:9)
  An acid dragon (D:10)
  3 orc warriors
  An ice beast (D:8)
  Purgy (Sewer)
  2 black bears
  A necrophage (D:4)
  An ogre (D:6)
  5 centaurs
  A phantom (D:7)
  2 kobold brigands
  3 bullfrogs
  A wyvern zombie (D:8)
  6 scorpions
  6 killer bees (D:8)
  A howler monkey (D:8)
  A centaur zombie (D:6)
  A bullfrog zombie (D:5)
  2 hounds (D:5)
  2 jellies (D:6)
  A gnoll shaman (D:5)
  6 orc priests
  3 iguanas
  Natasha (thrice) (D:2)
  6 orc wizards
  A killer bee zombie (D:8)
  A hound skeleton (D:5)
  3 howler monkey zombies
  Robin (D:2)
  10 gnolls
  A howler monkey skeleton (D:5)
  7 adders
  A river rat (D:4)
  2 shadow imps
  A white imp (D:6)
  An ufetubus (D:3)
  2 worms
  6 dart slugs
  28 orcs
  15 bats
  4 endoplasms
  4 giant cockroaches
  12 hobgoblins
  2 jackals (Sewer)
  18 kobolds
  A quokka (D:2)
  5 ball pythons
  2 frilled lizards
  12 goblins
  8 rats
220 creatures vanquished.

Vanquished Creatures (others)
  9 fungi (D:7)
9 creatures vanquished.

Grand Total: 229 creatures vanquished

Notes
Turn   | Place    | Note
-------+----------+-------------------------------------------
     0 | D:1      | belegose the Merfolk Gladiator began the quest for the Orb.
     0 | D:1      | Reached XP level 1. HP: 16/16 MP: 1/1
   236 | D:1      | Reached XP level 2. HP: 23/23 MP: 2/2
   443 | D:1      | Reached skill level 1 in Stealth
  1115 | D:2      | Reached XP level 3. HP: 28/28 MP: 3/3
  1213 | D:2      | Noticed Robin
  1887 | D:1      | Reached XP level 4. HP: 33/34 MP: 4/4
  1940 | D:2      | Noticed Natasha
  2060 | D:2      | Killed Natasha
  2164 | D:2      | Noticed Natasha
  2483 | D:2      | Killed Natasha
  2620 | D:2      | Found a faded altar of an unknown god.
  2776 | D:2      | Reached XP level 5. HP: 34/41 MP: 5/5
  3211 | D:2      | Noticed Natasha
  3226 | D:2      | Killed Natasha
  3227 | D:2      | Reached skill level 5 in Dodging
  3428 | D:2      | Killed Robin
  3717 | D:3      | Noticed Sigmund
  3951 | D:3      | Reached XP level 6. HP: 34/47 MP: 6/6
  5204 | D:4      | Noticed a necrophage
  5324 | D:4      | You fall into a shaft and drop 1 floor!
  5324 | D:5      | Entered Level 5 of the Dungeon
  5450 | D:5      | Found a staircase to the Ecumenical Temple.
  5543 | D:4      | Killed a necrophage
  5544 | D:4      | Reached XP level 7. HP: 32/54 MP: 7/7
  5982 | D:4      | Found a glowing drain.
  5987 | Sewer    | Entered a sewer
  5996 | Sewer    | Reached skill level 5 in Long Blades
  6092 | Sewer    | Noticed Purgy
  6125 | Sewer    | Killed Purgy
  6126 | Sewer    | Reached skill level 6 in Dodging
  7066 | D:5      | Found a white marble altar of Elyvilon.
  7107 | D:5      | Found Mogaaff's Neck Hole.
  7609 | D:5      | Noticed a steam dragon
  7791 | Temple   | Entered the Ecumenical Temple
  7841 | Temple   | Became a worshipper of Zin the Law-Giver
  7841 | Temple   | Reached * piety under Zin
  8133 | D:6      | Reached XP level 8. HP: 61/61 MP: 8/8
  8135 | D:6      | Reached skill level 1 in Invocations
  8278 | D:6      | Found a broken altar of Ashenzari.
  8418 | D:6      | Reached ** piety under Zin
  8589 | D:6      | Reached skill level 5 in Fighting
  8601 | D:6      | Noticed a wyvern
  8616 | D:6      | Zin protects you from harm!
  8617 | D:6      | Zin protects you from harm!
  8620 | D:6      | Killed a wyvern
  8702 | D:6      | Reached skill level 7 in Dodging
  8702 | D:6      | Reached skill level 5 in Stealth
  9178 | D:6      | Reached skill level 5 in Throwing
  9457 | D:6      | Reached XP level 9. HP: 68/68 MP: 11/11
  9516 | D:7      | Found a blossoming altar of Fedhas.
  9525 | D:7      | Found an opulent altar of Gozag.
  9534 | D:7      | Noticed Harold
 10023 | D:7      | Found an iron altar of Okawaru.
 10633 | D:8      | Reached skill level 8 in Dodging
 10907 | D:8      | Reached *** piety under Zin
 11076 | D:8      | Found a hide-covered altar of Uskayaw.
 11076 | D:8      | Noticed a two-headed ogre
 11078 | D:8      | Noticed a hornet
 11110 | D:8      | Killed a two-headed ogre
 11111 | D:8      | Reached XP level 10. HP: 77/77 MP: 13/13
 11125 | D:8      | Paralysed by a hornet for 3 turns
 11128 | D:8      | Reached skill level 5 in Invocations
 11742 | D:9      | Reached skill level 9 in Dodging
 11796 | D:9      | Found an ornate altar of the Wu Jian Council.
 11799 | D:9      | Found a radiant altar of Vehumet.
 12045 | D:9      | Found a staircase to the Lair.
 12082 | D:9      | Found a glowing golden altar of the Shining One.
 12583 | D:10     | Entered Level 10 of the Dungeon
 12714 | D:10     | Found a staircase to the Orcish Mines.
 12715 | D:10     | Found a sparkling altar of Nemelex Xobeh.
 12844 | D:10     | Found an ancient bone altar of Kikubaaqudgha.
 12863 | D:10     | Reached skill level 1 in Evocations
 13052 | D:10     | Reached **** piety under Zin
 13077 | D:10     | Found Uteo's Armour Shoppe.
 13486 | D:10     | Found a shimmering altar of Xom.
 14040 | Lair:1   | Entered Level 1 of the Lair of Beasts
 14108 | Lair:1   | Slain by a komodo dragon

Illustrated notes

Levels and vault maps discovered:
D:1:      sevenhm_arrival_forest_fort_small_4, layout_basic,
          minmay_misc_feat_secret_circle
D:2:      layout_basic, chequers_ecumenical_altar_grove, minmay_hexomino_c4,
          uniq_robin, uniq_natasha
D:3:      layout_basic, uniq_sigmund
D:4:      layout_gridville, gup_sewer_entry_spiral, minivault_24
D:5:      kennysheep_steamy, layout_loops_ring, mainiacjoe_overflow_alcove_1,
          minmay_temple_entry_junction, nicolae_ossuary_entry_false_entrances,
          minmay_crystal_water, nicolae_shop_sticking_my_neck_out
D:6:      layout_layer_cave, mainiacjoe_overflow_24_doors
D:7:      old_forge, layout_basic, mainiacjoe_overflow_brackets,
          amcnicky_altar_gilded, mainiacjoe_overflow_surrounded_room,
          minmay_statues_item, kennysheep_decorative_pillar, uniq_harold
D:8:      layout_loops_ring, eat_drink_and_be_merry_uskayaw
D:9:      layout_cave_pods, mainiacjoe_overflow_catwalk_spiral,
          lemuel_round_altar, dpeg_oklobed_lair
D:10:     layout_layer_cave, kiku_gazebo_pond_becter, kennysheep_mini_moat,
          nemelex_xobeh_ov_fountains_minmay, serial_shops, shop_statue
D:11:     layout_basic, serial_shops, nicolae_stop_n_shop_1,
          grunt_dithmenos_smoke, uniq_fannar
Temple:   eino_temple_lava
Lair:1:   layout_regular_city, gauntlet_entry_generic,
          nicolae_volcano_entry_hallway, grunt_megastairs_3, uniq_urug

Skill      XL: |  1  2  3  4  5  6  7  8  9 10 |
---------------+-------------------------------+-----
Stealth        | 1 2 3 4 5 6 8 |  8.2
Fighting       | 3 4 5 6 7 |  7.2
Long Blades    | 4 5 6 7 |  7.7
Dodging        | 5 6 7 8 9 |  9.2
Throwing       | 3 4 5 6 |  6.6
Invocations    | 3 4 6 |  6.4
Evocations     | 2 |  2.6

Action                   |  1- 3 |  4- 6 |  7- 9 | 10-12 || total
-------------------------+-------+-------+-------+-------++-------
Melee: Long sword        |    96 |   189 |   247 |       ||   532
       Tailslap          |       |       |     3 |       ||     3
       Short sword       |       |       |   105 |    80 ||   185
       Dagger            |       |       |    62 |    94 ||   156
Throw: Throwing net      |       |     3 |     8 |       ||    11
       Boomerang         |       |       |    37 |    16 ||    53
       Dart              |       |       |     8 |     2 ||    10
       Stone             |       |       |     1 |       ||     1
  Use: Potion            |       |       |     1 |       ||     1
       Scroll            |       |       |       |     1 ||     1
 Stab: Sleeping          |     7 |     4 |    12 |     6 ||    29
       Held in net/web   |       |     1 |     8 |       ||     9
       Distracted        |       |     1 |     2 |       ||     3
Armor: Leather armour    |    38 |    30 |       |       ||    68
       Ring mail         |       |    24 |    40 |       ||    64
       Troll leather arm |       |       |    83 |    29 ||   112
Dodge: Dodged            |    98 |   171 |   368 |   161 ||   798
       Rpst.: Long sword |    24 |    50 |    56 |       ||   130
